 Dungeon Crawl Stone Soup version 0.27.1-4-g1640c2035a (webtiles) character file.

Game seed: 8031437146055745000

179 Findor the Firebug (level 5, 0/31 HPs)
             Began as an Octopode Fire Elementalist on Nov 17, 2021.
             Succumbed to a scorpion's poison
             ... on level 4 of the Dungeon.
             The game lasted 00:06:21 (3715 turns).

Findor the Firebug (Octopode Fire Elementalist)     Turns: 3715, Time: 00:06:22

Health: 0/31       AC:  1    Str:  7    XL:     5   Next: 59%
Magic:  4/8        EV: 13    Int: 18    God:
Gold:   133        SH:  0    Dex: 13    Spells: 2/10 levels left

rFire    . . .     SeeInvis .   b - +0 dagger
rCold    . . .     Faith    .   (no shield)
rNeg     . . .     Spirit   .   (helmet restricted)
rPois    .         Reflect  .   (no amulet)
rElec    .         Harm     .   (no ring)
rCorr    .         Rampage  .   (no ring)
Will     .....     Clarity  +   (no ring)
Stlth    +++.......             (no ring)
HPRegen  0.10/turn              (no ring)
MPRegen  0.11/turn              (no ring)
                                (no ring)
                                (no ring)

@: lethally poisoned (0 -> -5), unable to read
A: almost no armour, amphibious, 8 rings, camouflage 1, gelatinous body 1,
(nimble swimmer 1), tentacles, tentacle spike 1, clarity, low mp 1, inability to
read while threatened
a: no special abilities


You were on level 4 of the Dungeon.
You visited 1 branch of the dungeon, and saw 4 of its levels.

You collected 133 gold pieces.


Innate Abilities, Weirdness & Mutations

You cannot wear most types of armour.
You are amphibious.
You can wear up to eight rings at the same time.
Your skin changes colour to match your surroundings (Stealth+).
Your rubbery body absorbs attacks. (AC +1, EV +1)
((You are camouflaged near water. (Stealth+)))
You have tentacles for arms and can constrict up to eight enemies at once.
One of your tentacles bears a spike.
You possess an exceptional clarity of mind.
Your magical capacity is low. (-10% MP)
You sometimes lose the ability to read scrolls when taking damage.


   Skills:
 - Level 2.0 Dodging
 - Level 2.6 Stealth
 + Level 3.0 Spellcasting
 + Level 2.6 Conjurations
 * Level 4.8 Fire Magic


You had 2 spell levels left.
You knew the following spells:

 Your Spells              Type           Power      Damage    Failure   Level
a - Foxfire               Conj/Fire      64%        2x1d7     3%          1
d - Conjure Flame         Conj/Fire      16%        6-21      11%         3
q - Sticky Flame          Conj/Fire      16%        2d4       34%         4

Your spell library contained the following spells:

 Spells                   Type           Power      Damage    Failure   Level
 Inner Flame              Hex/Fire       11%        N/A       19%         3
 Fireball                 Conj/Fire      8%         3d6       67%         5

Inventory:

Hand Weapons
 b - a +0 dagger (weapon)
   (You took it off a kobold on level 1 of the Dungeon)
 c - a +1 vampiric hand axe {!w}
   (You took it off an orc on level 3 of the Dungeon)
Missiles
 h - 11 poisoned darts
Scrolls
 g - a scroll of identify {@r1}
 i - a scroll of magic mapping {unknown}
Potions
 a - 3 potions of attraction {!q}
 d - 2 potions of ambrosia {unknown}
 f - 2 potions of heal wounds {unknown}


Message History

a +0 club; a goblin corpse
Found a hand axe.
You see here a +0 ring mail.
You see here a +0 hand axe.
A ball python, a goblin and a kobold come into view.
Casting: Foxfire (safe; 3% risk of failure)
You conjure some foxfire!
The ball python hisses angrily.
The foxfire hits the ball python.
You kill the ball python!
You start resting.
Casting: Foxfire (safe; 3% risk of failure)
You conjure some foxfire!
The foxfire hits the goblin.
You kill the goblin!
You hear a shout!
You hear a shout!
Casting: Foxfire (safe; 3% risk of failure)
You miscast Foxfire.
You are very lightly contaminated with residual magic.
Nothing appears to happen.
Casting: Foxfire (safe; 3% risk of failure)
You conjure some foxfire!
The foxfire hits the scorpion but does no damage.
Your magical contamination has completely faded away.
The foxfire hits the scorpion but does no damage.
Casting: Foxfire (safe; 3% risk of failure)
You conjure some foxfire!
The scorpion stings you!
You are poisoned.
The scorpion poisons you! The scorpion misses you.
You feel very sick.
The foxfire hits the scorpion but does no damage. x2
The scorpion stings you.
You feel threatened and lose the ability to read scrolls!
* * * LOW HITPOINT WARNING * * *
Unknown command.
Okay, then.
Casting: Foxfire (safe; 3% risk of failure)
You conjure some foxfire!
You feel very sick. The scorpion stings you!
* * * LOW HITPOINT WARNING * * *
* * * LOW HITPOINT WARNING * * *
You feel sick.
The foxfire hits the scorpion. x2
The scorpion closely misses you.
Casting: Foxfire (safe; 3% risk of failure)
You conjure some foxfire!
* * * LOW HITPOINT WARNING * * *
You feel sick. The scorpion barely misses you.
You die...

#.......##.#####.###.
#.##.#..##.#####.# #.
###........#.......# #)
#......#.......#######
#.
#.###..#.##..#.......#
#. ##........#.(.....#
#. .........§..#.......#
#. ...[..#v##..........#
#.
......#@v...#.......###.
......#s............)..[
##### #.#####...........
#.# #######..... #.#
#...... #.# ........
#...s.......≈≈≈≈≈≈≈≈≈..#
.......†##..≈...§§§.≈...
..##..... ...≈≈§≈§.≈..#


You could see a scorpion (ally target).

Vanquished Creatures
  2 orc wizards (D:2)
  4 adders
  4 dart slugs
  5 orcs
  8 ball pythons
  7 endoplasms
  6 goblins
  10 hobgoblins
  6 jackals (D:1)
  5 kobolds
  5 quokkas
  5 bats
  3 frilled lizards
  4 rats
74 creatures vanquished.

Vanquished Creatures (others)
  188 foxfires
188 creatures vanquished.

Grand Total: 262 creatures vanquished

Notes
Turn   | Place    | Note
-------+----------+-------------------------------------------
     0 | D:1      | Findor the Octopode Fire Elementalist began the quest for
                  | the Orb.
     0 | D:1      | Reached XP level 1. HP: 11/11 MP: 3/3
   160 | D:1      | Reached XP level 2. HP: 17/17 MP: 0/5
   636 | D:1      | Reached XP level 3. HP: 21/21 MP: 3/6
  1139 | D:1      | Noticed a great orb of eyes
  1141 | D:1      | Noticed an eye of devastation
  1163 | D:1      | Found a faded altar of an unknown god.
  1165 | D:1      | Noticed a golden eye
  1165 | D:1      | Noticed a great orb of eyes
  2007 | D:2      | HP: 4/21 [constriction (1)]
  2011 | D:2      | Reached XP level 4. HP: 4/27 MP: 0/7
  2330 | D:2      | Reached skill level 4 in Fire Magic
  2969 | D:2      | Reached XP level 5. HP: 28/31 MP: 2/9
  3166 | D:3      | Noticed a water moccasin
  3332 | D:2      | Gained mutation: You sometimes lose the ability to read
                  | scrolls when taking damage. [potion of mutation]
  3332 | D:2      | Gained mutation: Your magical capacity is low. (-10% MP)
                  | [potion of mutation]
  3332 | D:2      | Gained mutation: One of your tentacles bears a spike.
                  | [potion of mutation]
  3332 | D:2      | Gained mutation: You possess an exceptional clarity of
                  | mind. [potion of mutation]
  3346 | D:2      | Reached skill level 3 in Spellcasting
  3602 | D:4      | Learned a level 4 spell: Sticky Flame
  3606 | D:4      | Learned a level 3 spell: Conjure Flame
  3613 | D:4      | Noticed a black bear
  3712 | D:4      | HP: 5/31 [scorpion (7)]
  3714 | D:4      | HP: 2/31 [poisoned by a scorpion]
  3715 | D:4      | Succumbed to a scorpion's poison

Levels and vault maps discovered:
D:1:      dpeg_arrival_snail, layout_loops_ring,
          hellmonk_ecumenical_altar_watching_god
D:2:      layout_basic, minmay_crystal_room, minmay_vboxes
D:3:      layout_rooms, gup_sewer_entry_spiral, minmay_close_crescents
D:4:      layout_loops_cross, mainiacjoe_overflow_concentric_impassable,
          uniq_robin

Action                   |  1- 3 |  4- 6 || total
-------------------------+-------+-------++-------
Melee: Unarmed           |     4 |       ||     4
       Constrict         |     3 |       ||     3
       Tentacles         |     2 |     1 ||     3
       Dagger            |    14 |    13 ||    27
 Cast: Foxfire           |    68 |    45 ||   113
  Use: Scroll            |       |     5 ||     5
       Potion            |       |     2 ||     2
 Stab: Sleeping          |     3 |     1 ||     4
Armor: Skin              |     2 |    13 ||    15
Dodge: Dodged            |    38 |    35 ||    73
